 Dungeon Crawl Stone Soup version 0.29.1-1-gd02db6906a (webtiles) character file.

Game seed: 18294613899273215011

3220 DemonSlayer the Thaumaturge (level 9, -5/62 HPs)
             Began as a Demonspawn Fire Elementalist on Oct 20, 2022.
             Was a Follower of Cheibriados.
             Slain by Joseph
             ... wielding a +0 quarterstaff
              (13 damage)
             ... on level 8 of the Dungeon.
             The game lasted 00:23:17 (13207 turns).

DemonSlayer the Thaumaturge (DsFE)                 Turns: 13207, Time: 00:23:18

Health: -5/62      AC:  8    Str: 10 (11) XL:     9   Next: 66%
Magic:  30/30      EV: 13    Int: 21 (23) God:    Cheibriados [*.....]
Gold:   9          SH:  0    Dex: 15 (18) Spells: 11/25 levels left

rFire   + . .      SeeInvis .   B - +3 great sword (vamp)
rCold   + . .      Faith    .   (shield currently unavailable)
rNeg    . . .      Spirit   .   a - +0 robe
rPois   .          Reflect  .   (no helmet)
rElec   .          Harm     .   y - scarf {rC+ rF+}
rCorr   .          Rampage  .   i - +2 pair of gloves of the Black Moon {+Blink}
Will    .....                   (no boots)
Stlth   +++.......              (no amulet)
HPRegen 0.20/turn               q - ring of magical power
MPRegen 0.22/turn               s - ring of willpower

@: mighty, weak-willed, on berserk cooldown, slowed, very slow
A: yellow scales 2, demonic guardian 1, powered by pain 1
a: Renounce Religion, Evoke Blink, Bend Time


You were on level 8 of the Dungeon.
You worshipped Cheibriados.
Cheibriados was aware of your devotion.
You visited 2 branches of the dungeon, and saw 9 of its levels.

You collected 534 gold pieces.
You spent 525 gold pieces at shops.

Inventory:

Hand Weapons
 l - a +2 dagger of venom
 B - a +3 vampiric great sword (weapon)
Armour
 a - a +0 robe (worn)
 i - the +2 pair of gloves of the Black Moon (worn) {+Blink}
   (You bought it in a shop on level 1 of the Dungeon)

   +Blink:    It lets you blink.
 y - a scarf of resistance (worn)
Jewellery
 q - a ring of magical power (left hand)
 s - a ring of willpower (right hand)
 G - a ring of wizardry
Wands
 v - a wand of flame (27)
Scrolls
 c - a scroll of enchant weapon {unknown}
 e - 3 scrolls of vulnerability
 h - a scroll of poison {unknown}
 k - 2 scrolls of enchant armour
 o - a scroll of blinking {unknown}
 t - a scroll of magic mapping {unknown}
 w - 2 scrolls of summoning {unknown}
 z - a scroll of immolation {unknown}
 A - a scroll of brand weapon
 C - a scroll of silence {unknown}
Potions
 b - 2 potions of magic
 g - 7 potions of brilliance
 j - 2 potions of cancellation
 m - 2 potions of lignification
 n - 3 potions of flight
 x - a potion of attraction {unknown}
 D - a potion of degeneration
 E - a potion of haste {unknown}


   Skills:
 + Level 2.4 Fighting
 + Level 1.8(2.0) Short Blades
 + Level 1.0(1.5) Long Blades
 + Level 2.7 Dodging
 + Level 3.7 Stealth
 + Level 8.6 Spellcasting
 + Level 2.3 Conjurations
 + Level 7.9 Fire Magic


You had 11 spell levels left.
You knew the following spells:

 Your Spells              Type           Power      Damage    Failure   Level
a - Foxfire               Conj/Fire      100%       2x1d9     1%          1
b - Scorch                Fire           84%        2d9       1%          2
c - Conjure Flame         Conj/Fire      30%        6-21      2%          3
d - Flame Wave            Conj/Fire      30%        2d9       9%          4
e - Olgreb's Toxic Radia  Pois           9%         N/A       58%         4

Your spell library contained the following spells:

 Spells                   Type           Power      Damage    Failure   Level
 Inner Flame              Hex/Fire       25%        N/A       4%          3
 Ozocubu's Refrigeration  Ice            4%         4d8       100%        7
 Ignition                 Fire           21%        3d8       100%        8


Dungeon Overview and Level Annotations

Branches:
Dungeon (8/15)             Temple (1/1) D:6
   Lair: D:8-11

Altars:
Cheibriados
Fedhas
Hepliaklqana
Kikubaaqudgha
Okawaru
Ru
Uskayaw
Wu Jian

Shops:
D:1 ?[(   D:5 :   D:8 *

Annotations:
D:8 Joseph


Innate Abilities, Weirdness & Mutations

You are mostly covered in yellow scales. (AC +3)
A weak demonic guardian rushes to your aid.
You sometimes gain a little power by taking damage.


Message History

Magic quickly surges around you.
It was a scroll of vulnerability.
As you read the scroll labelled NUKOCHOOGI, it crumbles to dust.
It is a scroll of brand weapon.
Your +3 great sword thirsts for the lives of mortals!
B - a +3 vampiric great sword (weapon)
As you read the scroll of identify, it crumbles to dust.
k - 2 scrolls of enchant armour Your butterfly disappears in a burst of colours!
Joseph closely misses your butterfly. Something barely misses your butterfly.
Joseph barely misses you.
Something closely misses your butterfly.
The orc priest hits your butterfly with a +4 hand axe!
Your butterfly dies!
Your butterfly disappears in a burst of colours!
Joseph closely misses you.
You feel better. Something hits your butterfly.
Your butterfly dies!
Your butterfly disappears in a burst of colours!
Joseph misses you.
The orc priest hits your butterfly with a +4 hand axe.
Your butterfly dies!
Your butterfly disappears in a burst of colours!
You feel better. Joseph barely misses you. Joseph misses you.
You feel better. Joseph hits you with a +0 quarterstaff!
* * * LOW HITPOINT WARNING * * *
A demonic guardian appears!
You focus on the pain.
You feel very mighty all of a sudden.
You slice Joseph!!
You feel better.
Joseph is severely wounded.
Joseph closely misses you. x2; Joseph hits you with a +0 quarterstaff!
* * * LOW HITPOINT WARNING * * *
You barely miss Joseph.
Joseph is severely wounded.
Joseph barely misses you. Joseph hits you with a +0 quarterstaff!
* * * LOW HITPOINT WARNING * * *
You hit Joseph.
Joseph is severely wounded.
Your butterfly disappears in a burst of colours! x2
Joseph hits you with a +0 quarterstaff!
You die...

....# # .......#.)#.....
....# ####.###..#.....
.#+## #............. .#.#
#####..#####.####. ...#
#..........#....## ...#
#b.........'...<.# ...#
#.)........#####.< ...#
#................. ##.#
##########@5...........####
.# #........@#########....#
# # #........o# #..>.# # .
#.......b.# #....# # ..
#.......b.# #....# # ...
#........(# #....#
#.........# #....#
#.........# #....#
#.........# ######


You could see Joseph (weak-willed, ally target), an orc priest and a friendly
iron imp (summoned).

Vanquished Creatures
  Psyche (D:8)
  Prince Ribbit (D:8)
  A wraith (D:8)
  A steam dragon (D:8)
  3 water moccasins
  A black bear (D:5)
  An ice beast (D:7)
  2 orc warriors
  2 sky beasts (D:7)
  3 centaurs
  A phantom (D:5)
  A bullfrog (D:7)
  4 scorpions
  A necrophage (D:6)
  5 wights
  5 hounds
  2 gnoll boudas
  2 orc priests
  A jelly (D:5)
  2 orc wizards
  An iguana (D:6)
  11 adders
  11 gnolls
  2 white imps
  2 ufetubi (D:6)
  A worm (D:3)
  3 dart slugs
  26 orcs
  7 ball pythons
  5 bats
  7 endoplasms
  3 giant cockroaches
  3 goblins
  3 hobgoblins
  4 jackals
  4 quokkas
  5 frilled lizards
  15 kobolds
  5 rats
158 creatures vanquished.

Vanquished Creatures (collateral kills)
  An orc (D:8)
1 creature vanquished.

Vanquished Creatures (others)
  380 foxfires
  4 toadstools (D:1)
384 creatures vanquished.

Grand Total: 543 creatures vanquished

Notes
Turn   | Place    | Note
-------+----------+-------------------------------------------
     0 | D:1      | DemonSlayer the Demonspawn Fire Elementalist began the
                  | quest for the Orb.
     0 | D:1      | Reached XP level 1. HP: 13/13 MP: 3/3
   190 | D:1      | Found a faded altar of an unknown god.
   865 | D:1      | Found Hoemefru's Antique Weapon Boutique.
   876 | D:1      | Gained mutation: You sometimes gain a little power by
                  | taking damage. [demonic ancestry]
   876 | D:1      | Reached XP level 2. HP: 19/19 MP: 0/5
   879 | D:1      | Learned a level 2 spell: Scorch
  1034 | D:1      | Found Apikk's Armour Shoppe.
  1258 | D:1      | Found Piut's Magic Scroll Shoppe.
  1261 | D:1      | Bought a scroll of identify for 28 gold pieces
  2471 | D:2      | Reached XP level 3. HP: 21/25 MP: 2/6
  3076 | D:2      | Found an ancient bone altar of Kikubaaqudgha.
  3697 | D:2      | Learned a level 3 spell: Conjure Flame
  3745 | D:1      | Bought a scroll of butterflies for 56 gold pieces
  3745 | D:1      | Bought a scroll of teleportation for 42 gold pieces
  3997 | D:3      | Reached XP level 4. HP: 31/31 MP: 0/8
  4681 | D:3      | Reached skill level 3 in Spellcasting
  5100 | D:3      | Reached skill level 1 in Fighting
  5100 | D:3      | Gained mutation: You are partially covered in yellow
                  | scales. (AC +2) [demonic ancestry]
  5100 | D:3      | Reached XP level 5. HP: 23/37 MP: 2/9
  5569 | D:3      | Learned a level 4 spell: Flame Wave
  6418 | D:4      | Reached XP level 6. HP: 43/43 MP: 6/11
  7074 | D:5      | Entered Level 5 of the Dungeon
  7149 | D:5      | Reached skill level 4 in Spellcasting
  7522 | D:5      | Noticed a water moccasin
  7528 | D:5      | Killed a water moccasin
  7529 | D:5      | Gained mutation: A weak demonic guardian rushes to your
                  | aid. [demonic ancestry]
  7529 | D:5      | Reached XP level 7. HP: 46/48 MP: 13/14
  7532 | D:5      | Reached skill level 5 in Spellcasting
  7638 | D:5      | Found Zuckett's Book Emporium.
  7713 | D:5      | Reached skill level 5 in Fire Magic
  7853 | D:5      | Reached skill level 1 in Short Blades
  8130 | D:5      | Reached skill level 6 in Spellcasting
  8218 | D:5      | Gained mutation: You are mostly covered in yellow scales.
                  | (AC +3) [demonic ancestry]
  8218 | D:5      | Reached XP level 8. HP: 50/54 MP: 17/17
  8626 | D:6      | Found a staircase to the Ecumenical Temple.
  8643 | Temple   | Entered the Ecumenical Temple
  8794 | Temple   | Became a worshipper of Cheibriados the Contemplative
  9340 | D:7      | Reached skill level 7 in Spellcasting
  9685 | D:7      | Reached * piety under Cheibriados
 10165 | D:7      | Reached XP level 9. HP: 52/59 MP: 20/20
 11674 | D:7      | Learned a level 4 spell: Olgreb's Toxic Radiance
 11704 | D:8      | Noticed Psyche
 11708 | D:8      | Killed Psyche
 11709 | D:8      | Reached skill level 8 in Spellcasting
 11816 | D:8      | Noticed Prince Ribbit
 11822 | D:8      | Killed Prince Ribbit
 12400 | D:8      | Found Acem Kua's General Store.
 12456 | D:8      | Noticed Joseph
 12728 | D:8      | Reached skill level 1 in Long Blades
 12892 | D:1      | Bought the +2 pair of gloves of the Black Moon {+Blink} for
                  | 399 gold pieces
 13207 | D:8      | Slain by Joseph

Illustrated notes

Levels and vault maps discovered:
D:1:      ldierk_walled_garden_2, layout_loops_corners, serial_shops,
          shop_coins, nicolae_shop_hallway_stairs, shop_fountains,
          chequers_ecumenical_altar_grove
D:2:      layout_basic, basic_altar
D:3:      layout_loops_corners
D:4:      layout_layer_cave
D:5:      layout_basic, serial_shops, shop, chequers_serial_rivers_small_b,
          minmay_between
D:6:      layout_basic, temple_green
D:7:      layout_layer_cave
D:8:      layout_basic, serial_shops, shop, uniq_prince_ribbit1, uniq_joseph,
          uniq_psyche
Temple:   mainiacjoe_temple_big_plus

Skill      XL: |  1  2  3  4  5  6  7  8  9 |
---------------+----------------------------+-----
Dodging        | 2 |  2.7
Fire Magic     | 3 4 5 7 |  7.9
Stealth        | 2 3 |  3.7
Spellcasting   | 3 4 6 7 8 |  8.6
Fighting       | 1 2 |  2.4
Short Blades   | 1 |  1.8
Conjurations   | 2 |  2.3
Long Blades    | 1 |  1.0

Action                   |  1- 3 |  4- 6 |  7- 9 || total
-------------------------+-------+-------+-------++-------
Melee: Whip              |    30 |       |       ||    30
       Dagger            |     3 |    28 |     5 ||    36
       Great sword       |       |       |    14 ||    14
 Cast: Foxfire           |   141 |    48 |    43 ||   232
       Scorch            |       |    48 |   109 ||   157
Evoke: Wand              |       |       |     4 ||     4
  Use: Scroll            |     3 |     3 |     7 ||    13
       Potion            |       |       |     8 ||     8
 Stab: Sleeping          |     1 |     5 |     3 ||     9
Armor: Robe              |     8 |    10 |    18 ||    36
Dodge: Dodged            |    50 |    41 |    62 ||   153
